 Dungeon Crawl Stone Soup version 0.31-a0-1620-gcbf77bbcfc (webtiles) character file.

Game seed: 1805046614131561226

10 qsserrt the Cutter (level 2, 0/22 HPs)
             Began as a Demonspawn Gladiator on Jan 11, 2024.
             Succumbed to an adder's poison
             ... on level 2 of the Dungeon.
             The game lasted 00:12:14 (606 turns).

qsserrt the Cutter (Demonspawn Gladiator)            Turns: 606, Time: 00:12:14

Health: 0/22       AC:  4    Str: 14    XL:     2   Next: 10%
Magic:  2/2        EV: 12    Int:  8    God:
Gold:   3          SH:  0    Dex: 14    Spells: 1/1 levels left

rFire   . . .        a - +0 rapier
rCold   . . .        (no shield)
rNeg    . . .        b - +0 leather armour
rPois   .            c - +0 helmet
rElec   .            (no cloak)
rCorr   .            (no gloves)
SInv    .            (no boots)
Will    .....        (no amulet)
Stlth   +            (no ring)
HPRegen 0.23/turn    (no ring)
MPRegen 0.08/turn

%: no passive effects
@: lethally poisoned (0 -> -6)
A: demonic magic 1
a: no special abilities


You were on level 2 of the Dungeon.
You visited 1 branch of the dungeon, and saw 2 of its levels.

You collected 3 gold pieces.

Inventory:

Hand Weapons
 a - a +0 rapier (weapon)
Missiles
 d - 3 throwing nets
 e - 13 stones
Armour
 b - a +0 leather armour (worn)
 c - a +0 helmet (worn)
 f - a +0 ring mail
 j - a +0 scale mail
Scrolls
 k - a scroll of immolation {unknown}
 l - a scroll of amnesia {unknown}
 n - a scroll of fog {unknown}
 o - a scroll of silence {unknown}
Potions
 h - a potion of lignification {unknown}
 m - a potion of heal wounds {unknown}


   Skills:
 - Level 2.0 Fighting
 + Level 3.3 Short Blades
 - Level 1.7 Throwing
 - Level 2.6 Dodging


You had one spell level left.
You didn't know any spells.
Your spell library was empty.

Dungeon Overview and Level Annotations

Branches:
Dungeon (2/15)

Altars:


Innate Abilities, Weirdness & Mutations

Spells you cast may paralyse adjacent enemies.


Message History

You feel sick. The adder attacks as it pursues you! The adder bites you.
You are more poisoned.
The adder poisons you!
You feel sick.
Throw: javelin
Press: ? - help, Q - select action, (/) - cycle Shift-Dir - straight line, f - goblin
Aim: a goblin, wielding a +0 dagger (47% to hit)
You throw a javelin. The javelin barely misses the adder.
The javelin barely misses the goblin.
You feel very sick. The adder bites you.
* * * LOW HITPOINT WARNING * * *
The adder bites you.
* * * LOW HITPOINT WARNING * * *
You are too injured to fight recklessly!
You barely miss the adder.
The adder is heavily wounded.
* * * LOW HITPOINT WARNING * * *
You feel sick. The adder completely misses you.
The adder bites you but does no damage.
You closely miss the adder. Your punch misses the adder.
The adder is heavily wounded.
* * * LOW HITPOINT WARNING * * *
You feel sick. The adder bites you but does no damage.
It was a potion of curing.
You feel better. The adder bites you but does no damage.
The adder attacks as it pursues you! The adder bites you.
* * * LOW HITPOINT WARNING * * *
The adder barely misses you. The adder attacks as it pursues you!
The adder closely misses you. The adder barely misses you.
The adder attacks as it pursues you! The adder bites you.
* * * LOW HITPOINT WARNING * * *
The adder attacks as it pursues you! The adder bites you.
* * * LOW HITPOINT WARNING * * *
You are lethally poisoned!
The adder poisons you!
There is a stone staircase leading down here.
You can't go up here!
You die...

#...#
#.######
#(...K.###
#
######...#
.# ###K#
#.#
#g###..#
#..#..#
##S..#####
#@.......
#########


You could see an adder, a goblin and a kobold.

Vanquished Creatures
  2 endoplasms (D:1)
  A giant cockroach (D:1)
  A quokka (D:1)
  A bat (D:1)
  2 frilled lizards (D:1)
  A goblin (D:1)
  2 kobolds (D:1)
  A rat (D:1)
11 creatures vanquished.

Notes
Turn   | Place    | Note
-------+----------+-------------------------------------------
     0 | D:1      | qsserrt the Demonspawn Gladiator began the quest for the
                  | Orb.
     0 | D:1      | Reached XP level 1. HP: 16/16 MP: 1/1
   158 | D:1      | Reached skill level 3 in Short Blades
   315 | D:1      | Gained mutation: Spells you cast may paralyse adjacent
                  | enemies. [demonic ancestry]
   315 | D:1      | Reached XP level 2. HP: 22/22 MP: 2/2
   575 | D:1      | You fall into a shaft and drop 1 floor!
   606 | D:2      | Succumbed to an adder's poison

Illustrated notes

Levels and vault maps discovered:
D:1:      spicycebolla_arrival_ecumenical, layout_loops_ring
D:2:      layout_basic, corexii_leaking_fountain, uniq_natasha

Skill      XL: |  1 |
---------------+----+-----
Short Blades   | 3 |  3.3
Fighting       | |  2.0
Throwing       | |  1.7
Dodging        | |  2.6

Action                     || total
---------------------------++-------
  Melee: Rapier            ||    17
  Throw: Javelin           ||     8
    Use: Potion            ||     1
 Armour: Leather armour    ||    17
  Dodge: Dodged            ||    13

Table legend: (Time is in decaauts)
 A = Elapsed time spent in this place.
 B = Non-inter-level travel time spent in this place.
 C = Inter-level travel time spent in this place.
 D = Time resting spent in this place.
 E = Time spent auto-exploring this place.
 F = Levels seen in this place.
 G = Mean time per level.
                   A        B        C        D        E       F      G
               +--------+--------+--------+--------+--------+-----+--------+
         Total |    609 |    590 |     19 |      6 |    462 |   2 |  304.5 |
       Dungeon |    609 |    590 |     19 |      6 |    462 |   2 |  304.5 |
               +--------+--------+--------+--------+--------+-----+--------+

Top non-repeatable levels by time:
     D:1: 578 daAuts
     D:2: 31 daAuts
